 Dungeon Crawl Stone Soup version 0.17-a0-1996-gd2c0ec8 (webtiles) character file.

371 SlimeFever the Magician (level 6, -1/32 HPs)
             Began as a Deep Elf Summoner on Oct 7, 2015.
             Was an Initiate of Fedhas.
             Slain by DizzySkin's ghost (12 damage)
             ... on level 4 of the Dungeon.
             The game lasted 00:38:29 (3990 turns).

SlimeFever the Magician (Deep Elf Summoner)         Turns: 3990, Time: 00:38:29

Health: -1/32      AC:  4    Str:  5    XL:     6   Next: 42%
Magic:  9/17       EV: 11    Int: 22    God:    Fedhas [......]
Gold:   217        SH:  6    Dex: 19    Spells: 5 memorised, 4 levels left

rFire  . . .     SeeInvis .     t - +0 whip
rCold  . . .     Clarity  .     n - +0 leather armour
rNeg   . . .     SustAt   .     o - +0 shield
rPois  .         Gourm    .     (no helmet)
rElec  .         Spirit   .     (no cloak)
rCorr  .         Warding  .     j - +0 pair of gloves
rMut   .         Stasis   .     (no boots)
MR     .....                    i - amulet of rage
Stlth  +++.......               m - +4 ring of dexterity
                                a - ring of stealth

@: not resistant to hostile enchantments, fairly stealthy
A: no striking features
a: Renounce Religion, Evoke Berserk Rage


You were on level 4 of the Dungeon.
You worshipped Fedhas.
Fedhas was noncommittal.
You were very hungry.

You visited 1 branch of the dungeon, and saw 4 of its levels.

You collected 217 gold pieces.

Inventory:

Hand Weapons
 t - a +0 whip (weapon)
 w - a +0 scythe
Missiles
 u - 28 poisoned needles
Armour
 j - a +0 pair of gloves (worn)
 n - a +0 leather armour (worn)
 o - a +0 shield (worn)
Jewellery
 a - a ring of stealth (left hand)
 i - an amulet of rage (around neck)
 k - an uncursed ring of ice
 m - a +4 ring of dexterity (right hand)
Wands
 f - a wand of digging (13)
 q - a wand of invisibility (1)
Scrolls
 g - a scroll of teleportation
 l - a scroll of amnesia
 s - a scroll of magic mapping
 v - a scroll of remove curse
Potions
 c - a potion of invisibility {unknown}
 e - a potion of lignification {unknown}
 h - 3 potions of heal wounds {unknown}
 p - a potion of might
 r - a potion of flight
 x - a potion of curing {unknown}
Books
 b - a book of Callings

   Spells                             Type                      Level
   a - Summon Small Mammal            Summoning                    1
   b - Call Imp                       Summoning                    2
   c - Call Canine Familiar           Summoning                    3
   d - Summon Guardian Golem          Hexes/Summoning              3
   e - Summon Lightning Spire         Summoning/Air                4
   f - Summon Ice Beast               Ice/Summoning                4
Comestibles
 d - 3 fruits
 z - a bread ration
 A - a meat ration


   Skills:
 + Level 0.1 Fighting
 * Level 0.2 Maces & Flails
 + Level 4.1 Dodging
 + Level 3.0 Stealth
 * Level 6.3 Spellcasting
 * Level 6.0 Summonings
 + Level 0.4 Air Magic


You had 4 spell levels left.
You knew the following spells:

 Your Spells              Type           Power        Failure   Level  Hunger
a - Summon Small Mammal   Summ           ####         10%         1    None
b - Call Imp              Summ           ####....     14%         2    None
c - Call Canine Familiar  Summ           ####....     28%         3    #......
d - Summon Guardian Gole  Hex/Summ       ###.....     86%         3    #......
e - Summon Lightning Spi  Summ/Air       ###.....     100%        4    ###....


Dungeon Overview and Level Annotations

Branches:
Dungeon (4/15)
 Temple: D:4-7

Altars:
Dithmenos
Fedhas
Ru

Annotations:
D:4 DizzySkin's ghost, novice GrFi


Message History

DizzySkin's ghost hits you!
Your bat barely misses DizzySkin's ghost.
Your bat closely misses DizzySkin's ghost.
Casting: Summon Guardian Golem
Confirm with . or Enter, or press ? or * to list all spells.
A shadowy apparition takes form in the air.
Your bat hits DizzySkin's ghost but does no damage.
Your wolf bites DizzySkin's ghost!
DizzySkin's ghost barely misses you.
Your wolf bites DizzySkin's ghost.
Your wolf bites DizzySkin's ghost but does no damage.
Your bat hits DizzySkin's ghost but does no damage.
Casting: Call Imp
Confirm with . or Enter, or press ? or * to list all spells.
Your wolf disappears in a puff of smoke!
Your bat hits DizzySkin's ghost but does no damage.
DizzySkin's ghost hits you.
Your shadow imp hits DizzySkin's ghost but does no damage.
DizzySkin's ghost hits you!
You die...
Fedhas appreciates your contribution to the ecosystem.

..<...## #.##...###
.<.....# #..#.###
.......#####...#
.......##.....##
.......##.###.####
......... #......#
......#.###......#
.....#..# #.....5#####
.#.....####..8hW@....#
...............b.###.##
......#.###......# #..#
##......##......# ##.#
#.##.#..#......# #.#
#.##........# #.##
#.###......### #..# #.#
#####....# ##.# #.#
###..####.##


You could see DizzySkin's ghost, a friendly hound, a friendly shadow imp and a
friendly bat.

Vanquished Creatures
  4 adders
  A goblin (D:1)
  2 hobgoblins
  5 bats (D:2)
  3 giant newts
  A jackal (D:3)
  4 kobolds (D:1)
  3 rats
23 creatures vanquished.

Vanquished Creatures (collateral kills)
  Grinder (D:3)
  Sigmund (D:3)
  A giant frog (D:3)
  A scorpion (D:4)
  An orc priest (D:3)
  Crazy Yiuf (D:3)
  Ijyb (D:2)
  An orc wizard (D:3)
  2 adders (D:3)
  A worm (D:3)
  A giant gecko (D:2)
  3 orcs (D:3)
  A bat (D:1)
  A giant cockroach (D:1)
  5 goblins
  3 hobgoblins
  2 jackals (D:3)
  3 kobolds
  3 rats
33 creatures vanquished.

Vanquished Creatures (others)
  A toadstool (D:3)
1 creature vanquished.

Grand Total: 57 creatures vanquished

Notes
Turn   | Place    | Note
--------------------------------------------------------------
     0 | D:1      | SlimeFever the Deep Elf Summoner began the quest for the Orb.
     0 | D:1      | Reached XP level 1. HP: 10/10 MP: 6/6
   767 | D:1      | Reached XP level 2. HP: 15/15 MP: 6/8
   771 | D:1      | Learned a level 2 spell: Call Imp
  1761 | D:2      | Noticed Ijyb
  1772 | D:2      | Reached XP level 3. HP: 13/19 MP: 10/10
  1999 | D:2      | Learned a level 3 spell: Call Canine Familiar
  2365 | D:2      | Found a shadowy altar of Dithmenos.
  2365 | D:2      | Found a blossoming altar of Fedhas.
  2376 | D:2      | Became a worshipper of Fedhas Madash
  2481 | D:2      | Killed Ijyb
  2481 | D:2      | Reached skill level 5 in Summonings
  2735 | D:3      | Noticed Grinder
  2784 | D:3      | Reached XP level 4. HP: 22/24 MP: 9/12
  2831 | D:3      | Paralysed by Grinder for 7 turns
  2850 | D:3      | Killed Grinder
  2850 | D:3      | Reached skill level 5 in Spellcasting
  2850 | D:3      | Reached XP level 5. HP: 3/28 MP: 7/14
  3135 | D:3      | Noticed Sigmund
  3207 | D:3      | Killed Sigmund
  3207 | D:3      | Reached XP level 6. HP: 14/32 MP: 7/16
  3264 | D:3      | Learned a level 3 spell: Summon Guardian Golem
  3269 | D:3      | Learned a level 4 spell: Summon Lightning Spire
  3415 | D:3      | Noticed Crazy Yiuf
  3472 | D:3      | Found a sacrificial altar of Ru.
  3479 | D:3      | Reached skill level 6 in Spellcasting
  3564 | D:3      | Killed Crazy Yiuf
  3640 | D:3      | Noticed a giant frog
  3649 | D:3      | Killed a giant frog
  3965 | D:4      | Noticed DizzySkin's ghost (novice GrFi)
  3990 | D:4      | Slain by DizzySkin's ghost

Vault maps used:
D:1:      sevenhm_arrival_forest_fort_large_4
D:2:      amethyst_overflow_temple_binary, uniq_iyjb
D:3:      nrook_mini_backslash, nicolae_ru_great_annihilating_truth,
          uniq_sigmund, uniq_grinder, uniq_crazy_yiuf_cottage

Action                   |  1- 3 |  4- 6 || total
-------------------------+-------+-------++-------
Melee: Unarmed           |    36 |       ||    36
       Short sword       |    30 |       ||    30
       Club              |     7 |     8 ||    15
       Whip              |       |     5 ||     5
 Cast: Summon Small Mamm |    16 |     9 ||    25
       Call Imp          |     7 |    10 ||    17
       Call Canine Famil |     8 |    12 ||    20
       Summon Guardian G |       |     1 ||     1
  Use: Scroll            |     6 |     3 ||     9
 Stab: Sleeping          |     4 |     1 ||     5
       Distracted        |     1 |       ||     1
  Eat: Bread ration      |     1 |       ||     1
       Meat ration       |     1 |       ||     1
